 Dungeon Crawl Stone Soup version 0.26-a0-778-g3fe0686644 (webtiles) character file.

Game seed: 13234656718618059638

1279 sideus8 the Vexing (level 8, -6/60 HPs)
             Began as a Gnoll Arcane Marksman on Nov 9, 2020.
             Was a Follower of Sif Muna.
             Mangled by Maggie
             ... wielding a +0 long sword
              (8 damage)
             ... on level 7 of the Dungeon.
             The game lasted 00:16:04 (6129 turns).

sideus8 the Vexing (Gnoll Arcane Marksman)          Turns: 6129, Time: 00:16:04

Health: -6/60      AC:  2    Str: 18      XL:     8   Next: 54%
Magic:  13/14      EV: 14    Int: 17      God:    Sif Muna [*.....]
Gold:   454        SH:  0    Dex: 10 (20) Spells: 14/15 levels left

rFire    . . .     SeeInvis .   H - +0 mace "Zebram" {flame, Dex+3}
rCold    . . .     Faith    .   (no shield)
rNeg     . . .     Spirit   .   E - +0 robe (curse)
rPois    .         Reflect  .   (no helmet)
rElec    .         Harm     .   K - scarf {shadows}
rCorr    .         Rampage  .   (no gloves)
MR       +....                  (no boots)
Stlth    ++........             z - amulet of regeneration
HPRegen  0.60/turn              h - +6 ring of strength
MPRegen  0.14/turn              P - ring of protection from magic

@: no status effects
A: distributed training, fangs 1, strong nose
a: Channel Magic, Renounce Religion


You were on level 7 of the Dungeon.
You worshipped Sif Muna.
Sif Muna was aware of your devotion.
You visited 2 branches of the dungeon, and saw 8 of its levels.

You collected 454 gold pieces.

Inventory:

Hand Weapons
 a - a +0 hand crossbow
 g - a +0 vampiric glaive
 y - a cursed +0 spear
 H - the +0 mace "Zebram" (weapon) {flame, Dex+3}
   (You found it on level 5 of the Dungeon)

   It has been specially enchanted to burn those struck by it, causing extra
   injury to most foes and up to half again as much damage against particularly
   susceptible opponents.
   It affects your dexterity (+3).
Missiles
 d - 62 bolts
 k - 11 javelins (quivered)
 q - 5 datura-tipped darts
 r - 22 poisoned darts
 R - a throwing net
Armour
 b - a +1 cloak
 e - a +0 robe
 o - a +0 pair of gloves
 p - a +0 ring mail
 t - a cursed -1 leather armour
 B - a +0 helmet
 D - a +0 robe
 E - a cursed +0 robe (worn)
 F - a +2 cloak
 K - a scarf of shadows (worn)
Jewellery
 h - a +6 ring of strength (left hand)
 z - an amulet of regeneration (around neck)
 C - an uncursed ring of magical power
 I - an uncursed ring of poison resistance
 P - a ring of protection from magic (right hand)
 Q - an uncursed ring of wizardry {unknown}
 T - an uncursed amulet of magic regeneration {unknown}
Wands
 u - a wand of disintegration (12)
 M - a wand of random effects (4)
 S - a wand of acid (13)
Scrolls
 j - 2 scrolls of teleportation
 l - 4 scrolls of amnesia
 s - a scroll of random uselessness
 v - a scroll of fear
 w - a scroll of enchant weapon
 x - 2 scrolls of fog
 A - 2 scrolls of magic mapping
 L - a scroll of enchant armour
 O - a scroll of identify
Potions
 c - a potion of degeneration {unknown}
 f - 2 potions of magic
 i - 2 potions of resistance
 m - a potion of brilliance {unknown}
 n - 2 potions of flight
 G - 2 potions of attraction {unknown}
 J - 3 potions of haste {unknown}
 N - 2 potions of mutation {unknown}


   Skills:
 + Level 4.3 Fighting
 + Level 3.3 Short Blades
 + Level 3.3 Long Blades
 + Level 3.3 Axes
 + Level 3.3 Maces & Flails
 + Level 3.3 Polearms
 + Level 3.3 Staves
 + Level 3.3 Slings
 + Level 3.3 Bows
 + Level 5.7 Crossbows
 + Level 3.3 Throwing
 + Level 3.3 Armour
 + Level 5.7 Dodging
 + Level 3.3 Stealth
 + Level 3.3 Shields
 + Level 3.3 Unarmed Combat
 + Level 4.4 Spellcasting
 + Level 2.7 Conjurations
 + Level 6.1 Hexes
 + Level 2.7 Summonings
 + Level 2.7 Necromancy
 + Level 2.7 Translocations
 + Level 2.7 Transmutations
 + Level 2.7 Fire Magic
 + Level 2.7 Ice Magic
 + Level 2.7 Air Magic
 + Level 2.7 Earth Magic
 + Level 2.7 Poison Magic
 + Level 3.7 Invocations
 + Level 3.3 Evocations


You had 14 spell levels left.
You knew the following spells:

 Your Spells              Type           Power        Failure   Level
a - Corona                Hex            ##.....      1%          1

Your spell library contained the following spells:

 Spells                   Type           Power        Failure   Level
 Slow                     Hex            ##......     1%          2
 Inner Flame              Hex/Fire       #.......     7%          3
 Portal Projectile        Hex/Tloc       #.....       7%          3
 Cause Fear               Hex            ##........   12%         4
 Leda's Liquefaction      Hex/Erth       #.........   24%         4


Dungeon Overview and Level Annotations

Branches:
Dungeon (7/15)             Temple (1/1) D:5

Altars:
Ashenzari
Cheibriados
Dithmenos
Elyvilon
Gozag
Hepliaklqana
Kikubaaqudgha
Makhleb
Okawaru
Sif Muna
Trog
Uskayaw
Vehumet

Annotations:
D:7 Maggie


Innate Abilities, Weirdness & Mutations

Your experience applies equally to all skills.
You have very sharp teeth.
Your uncanny sense of smell can sniff out nearby items.


Message History

You feel a numb sensation.
Maggie is outlined in light.
Maggie mumbles some strange words.
Maggie attempts to bespell you!
You easily resist.
You hit Maggie but do no damage. Your bite misses Maggie.
Maggie is lightly wounded.
Maggie gestures at you while chanting. The bolt of fire misses you.
You hit Maggie but do no damage.
Maggie is lightly wounded.
Maggie hits you with a +0 long sword. Maggie casts a spell at you.
The bolt of fire hits you!!
* * * LOW HITPOINT WARNING * * *
Okay, then.
Evoke which item? (* to show all) (? for menu, Esc to quit)
Aiming: Disintegrate
Press: ? - help, Shift-Dir - straight line, f/p - Maggie
Aim: Maggie, wielding a +0 long sword and wearing +2 steam dragon scales (lightly wounded, softly glowing, chance to defeat MR: 78%) Maggie is blasted!!
Maggie hits you with a +0 long sword!
You die...

........ .......#
#......# #
#......####.#
#........(...
#....[.......
#.....@@.....
############.........
#........###...(.....
#....................
###........###.........
.##........# #......(..
.##........# #.........
....######## #########
##..#


You could see Maggie (corona).

Vanquished Creatures
  A water moccasin (D:7)
  An orc warrior (D:5)
  A sky beast (D:6)
  An ogre (D:6)
  A centaur (D:5)
  2 bullfrogs
  A big kobold (D:7)
  A centaur zombie (D:6)
  A centaur skeleton (D:5)
  2 orc priests (D:6)
  A hound (D:4)
  A jelly (D:7)
  3 orc wizards
  A worker ant (D:4)
  2 hound zombies (D:6)
  A hound skeleton (D:5)
  A howler monkey zombie (D:6)
  5 gnolls
  10 adders
  An ufetubus (D:3)
  4 oozes
  An adder skeleton (D:4)
  2 worms (D:2)
  3 dart slugs
  A leopard gecko (D:5)
  9 orcs
  A ball python (D:1)
  8 giant cockroaches
  7 hobgoblins
  9 jackals
  12 kobolds
  3 quokkas
  7 bats
  7 frilled lizards
  12 goblins
  A quokka skeleton (D:7)
  2 quokka zombies
  6 rats
133 creatures vanquished.

Notes
Turn   | Place    | Note
-------+----------+-------------------------------------------
     0 | D:1      | sideus8 the Gnoll Arcane Marksman began the quest for the
                  | Orb.
     0 | D:1      | Reached XP level 1. HP: 17/17 MP: 4/4
   163 | D:1      | Reached XP level 2. HP: 23/23 MP: 5/5
   477 | D:1      | Reached XP level 3. HP: 28/28 MP: 7/7
  1060 | D:2      | Reached skill level 1 in Invocations
  1356 | D:2      | Reached skill level 1 in Short Blades
  1356 | D:2      | Reached skill level 1 in Long Blades
  1356 | D:2      | Reached skill level 1 in Axes
  1356 | D:2      | Reached skill level 1 in Maces & Flails
  1356 | D:2      | Reached skill level 1 in Polearms
  1356 | D:2      | Reached skill level 1 in Staves
  1356 | D:2      | Reached skill level 1 in Slings
  1356 | D:2      | Reached skill level 1 in Bows
  1356 | D:2      | Reached skill level 1 in Throwing
  1356 | D:2      | Reached skill level 1 in Armour
  1356 | D:2      | Reached skill level 1 in Stealth
  1356 | D:2      | Reached skill level 1 in Shields
  1356 | D:2      | Reached skill level 1 in Unarmed Combat
  1356 | D:2      | Reached skill level 1 in Evocations
  1603 | D:2      | Reached XP level 4. HP: 33/34 MP: 8/8
  1659 | D:2      | Found an iron altar of Okawaru.
  1818 | D:2      | Reached skill level 1 in Conjurations
  1818 | D:2      | Reached skill level 1 in Summonings
  1818 | D:2      | Reached skill level 1 in Necromancy
  1818 | D:2      | Reached skill level 1 in Translocations
  1818 | D:2      | Reached skill level 1 in Transmutations
  1818 | D:2      | Reached skill level 1 in Fire Magic
  1818 | D:2      | Reached skill level 1 in Ice Magic
  1818 | D:2      | Reached skill level 1 in Air Magic
  1818 | D:2      | Reached skill level 1 in Earth Magic
  1818 | D:2      | Reached skill level 1 in Poison Magic
  1953 | D:2      | Reached XP level 5. HP: 27/40 MP: 9/9
  3176 | D:4      | Reached XP level 6. HP: 39/47 MP: 10/10
  3853 | D:5      | Entered Level 5 of the Dungeon
  3871 | D:5      | Got an ichor-stained mace
  3907 | D:5      | Noticed an orc warrior
  3913 | D:5      | Identified the +0 mace "Zebram" {flame, Dex+3} (You found
                  | it on level 5 of the Dungeon)
  3922 | D:5      | Killed an orc warrior
  3922 | D:5      | Reached skill level 5 in Crossbows
  3922 | D:5      | Reached skill level 5 in Dodging
  4045 | D:5      | Reached XP level 7. HP: 37/52 MP: 12/12
  4153 | D:5      | Found an ancient bone altar of Kikubaaqudgha.
  4271 | D:5      | Found a staircase to the Ecumenical Temple.
  4285 | Temple   | Entered the Ecumenical Temple
  4318 | Temple   | Became a worshipper of Sif Muna the Loreminder
  5414 | D:6      | HP: 1/53 [something/puff of flame (4)]
  5575 | D:6      | Reached skill level 6 in Hexes
  5575 | D:6      | Reached XP level 8. HP: 32/60 MP: 14/14
  5579 | D:6      | Found a burning altar of Makhleb.
  5676 | D:6      | Reached * piety under Sif Muna
  6110 | D:7      | Noticed Maggie
  6128 | D:7      | HP: 1/60 [Maggie/bolt of fire (27)]
  6129 | D:7      | Mangled by Maggie

Illustrated notes

Levels and vault maps discovered:
D:1:      dpeg_arrival_boxes_within_box, layout_basic
D:2:      minmay_razor_zed, layout_basic, okawaru_altar_gauntlet_db
D:3:      layout_loops_ring
D:4:      layout_basic
D:5:      layout_basic, kiku_gazebo_garden_becter,
          minmay_temple_entry_mini_moons
D:6:      layout_loops_cross, basic_altar
D:7:      layout_basic, uniq_maggie
Temple:   nicolae_temple_the_god_donut

Skill      XL: |  1  2  3  4  5  6  7  8 |
---------------+-------------------------+-----
Invocations    | 1 2 3 |  3.7
Short Blades   | 1 2 3 |  3.3
Long Blades    | 1 2 3 |  3.3
Axes           | 1 2 3 |  3.3
Maces & Flails | 1 2 3 |  3.3
Polearms       | 1 2 3 |  3.3
Staves         | 1 2 3 |  3.3
Slings         | 1 2 3 |  3.3
Bows           | 1 2 3 |  3.3
Throwing       | 1 2 3 |  3.3
Armour         | 1 2 3 |  3.3
Stealth        | 1 2 3 |  3.3
Shields        | 1 2 3 |  3.3
Unarmed Combat | 1 2 3 |  3.3
Evocations     | 1 2 3 |  3.3
Spellcasting   | 3 4 |  4.4
Conjurations   | 1 2 |  2.7
Summonings     | 1 2 |  2.7
Necromancy     | 1 2 |  2.7
Translocations | 1 2 |  2.7
Transmutations | 1 2 |  2.7
Fire Magic     | 1 2 |  2.7
Ice Magic      | 1 2 |  2.7
Air Magic      | 1 2 |  2.7
Earth Magic    | 1 2 |  2.7
Poison Magic   | 1 2 |  2.7
Fighting       | 3 4 |  4.3
Crossbows      | 5 |  5.7
Dodging        | 5 |  5.7
Hexes          | 6 |  6.1

Action                   |  1- 3 |  4- 6 |  7- 9 || total
-------------------------+-------+-------+-------++-------
Melee: Mace              |       |    13 |   215 ||   228
       Bite              |       |     2 |    29 ||    31
       Punch             |       |       |     1 ||     1
 Fire: Hand crossbow     |    91 |   115 |       ||   206
 Cast: Corona            |       |     1 |     1 ||     2
Evoke: Wand              |       |     1 |     6 ||     7
  Use: Scroll            |     4 |    12 |     3 ||    19
       Potion            |       |     4 |     3 ||     7
 Stab: Sleeping          |       |       |     4 ||     4
       Distracted        |       |       |     1 ||     1
Armor: Robe              |    13 |     4 |    48 ||    65
Dodge: Dodged            |    41 |    41 |   237 ||   319

Table legend: (Time is in decaauts)
 A = Elapsed time spent in this place.
 B = Non-inter-level travel time spent in this place.
 C = Inter-level travel time spent in this place.
 D = Time resting spent in this place.
 E = Time spent auto-exploring this place.
 F = Levels seen in this place.
 G = Mean time per level.
                   A        B        C        D        E       F      G
               +--------+--------+--------+--------+--------+-----+--------+
         Total |   6242 |   6242 |      0 |    308 |   3933 |   8 |  780.2 |
       Dungeon |   6186 |   6186 |      0 |    308 |   3933 |   7 |  883.7 |
        Temple |     55 |     55 |      0 |      0 |      0 |   1 |   55.0 |
               +--------+--------+--------+--------+--------+-----+--------+

Top non-repeatable levels by time:
     D:2: 1348 daAuts
     D:6: 1030 daAuts
     D:1: 986 daAuts
     D:4: 878 daAuts
     D:5: 802 daAuts
     D:3: 694 daAuts
     D:7: 445 daAuts
  Temple: 55 daAuts
